 Dungeon Crawl Stone Soup version 0.20.1-1-g8b1a95d (webtiles) character file.

14994 Jazqa the Grappler (level 12, -5/112 HPs)
             Began as a Ghoul Gladiator on Oct 23, 2017.
             Was a High Priest of Okawaru.
             Slain by a tyrant leech (12 damage)
             ... on level 2 of the Lair of Beasts.
             The game lasted 00:26:07 (10026 turns).

Jazqa the Grappler (Ghoul Gladiator)               Turns: 10026, Time: 00:26:08

Health: -5/112     AC: 15    Str: 19    XL:     12   Next: 22%
Magic:  16/17      EV: 16    Int:  7    God:    Okawaru [*****.]
Gold:   671        SH:  6    Dex: 13    Spells: 11/11 levels left

rFire    . . .     SeeInvis .     - Unarmed
rCold    + . .     Gourm    .   I - +0 buckler
rNeg     + + +     Faith    .   f - +0 swamp dragon scales
rPois    ∞         Spirit   .   p - +1 hat {Int+3}
rElec    .         Reflect  .   b - +0 cloak
rCorr    .         Harm     .   (no gloves)
MR       .....                  (no boots)
Stlth    ++........             x - amulet of magic regeneration
Regen    0.0/turn               Y - +4 ring of slaying
MPRegen  0.3/turn               O - +3 ring of protection

@: heroism, rotting
A: rotting body, claws 1, carnivore 3, cold resistance 1, negative energy
resistance 3, inhibited regeneration, torment resistance, unbreathing
a: Heroism, Finesse, Renounce Religion


You were on level 2 of the Lair of Beasts.
You worshipped Okawaru.
Okawaru was extremely pleased with you.
You were not hungry.

You visited 3 branches of the dungeon, and saw 12 of its levels.
You visited the Abyss 1 time.

You collected 671 gold pieces.


Innate Abilities, Weirdness & Mutations

Your body is rotting away.
You thrive on raw meat.
You are immune to poison.
You have sharp fingernails.
You are carnivorous and can eat meat at any time.
Your flesh is cold resistant. (rC+)
You are immune to negative energy. (rN+++)
You do not regenerate when monsters are visible.
You are immune to unholy pain and torment.
You can survive without breathing.


   Skills:
 + Level 11.9(16.9) Fighting
 - Level 1.7(6.7) Throwing
 + Level 5.7(10.7) Armour
 - Level 5.0(10.0) Dodging
 - Level 3.0(8.0) Shields
 + Level 12.1(17.1) Unarmed Combat
 + Level 9.3 Invocations


You had 11 spell levels left.
You didn't know any spells.

Inventory:

Missiles
 c - 3 throwing nets {=f}
Armour
 b - a +0 cloak (worn)
 f - +0 swamp dragon scales (worn)
 p - a +1 hat of intelligence (worn)
 q - a +2 helmet
 I - a +0 buckler (worn)
Jewellery
 x - an amulet of magic regeneration (around neck)
 O - a +3 ring of protection (right claw)
 R - an uncursed ring of resist corrosion
 Y - a +4 ring of slaying (left claw)
Wands
 j - a wand of iceblast (6/15)
 n - a wand of acid (5/15)
 r - a wand of polymorph (13/24)
 u - a wand of lightning (8/15)
 z - a wand of lightning (11/15)
 B - a wand of lightning (6/15)
 D - a wand of iceblast (8/15)
Scrolls
 e - 5 scrolls of fear
 i - a scroll of blinking
 k - a scroll of identify {@r1}
 t - 4 scrolls of enchant armour
 w - 3 scrolls of remove curse {@r2}
 y - 5 scrolls of teleportation {@r4}
 A - a scroll of recharging
 G - a scroll of magic mapping
 J - a scroll of summoning
 K - a scroll of torment
Potions
 a - 2 potions of brilliance
 g - 2 potions of flight
 l - 2 potions of agility
 v - a potion of haste {@q3}
 E - a potion of cancellation
 F - 2 potions of ambrosia
 L - a potion of invisibility {unknown}
Books
 s - a book of Flames

   Spells                             Type                      Level
   a - Flame Tongue                   Conjuration/Fire             1
   b - Throw Flame                    Conjuration/Fire             2
   c - Conjure Flame                  Conjuration/Fire             3
   d - Inner Flame                    Hexes/Fire                   3
   e - Sticky Flame                   Conjuration/Fire             4
   f - Fireball                       Conjuration/Fire             5
 C - a book of Maledictions

   Spells                             Type                      Level
   a - Corona                         Hexes                        1
   b - Ensorcelled Hibernation        Hexes/Ice                    2
   c - Confuse                        Hexes                        3
   d - Tukima's Dance                 Hexes                        3
   e - Dazzling Spray                 Conjuration/Hexes            3
Miscellaneous
 H - a lamp of fire
Comestibles
 d - 6 meat rations {@e1}
 h - 4 chunks of flesh
 m - 5 royal jellies {@e3}

Dungeon Overview and Level Annotations

Branches:
Dungeon (9/15)             Temple (1/1) D:4            Lair (2/6) D:8
  Snake (0/4) Lair:2
  Swamp: Lair:2-4    Shoals: Lair:2-4       Orc: D:9-12

Altars:
Dithmenos
Fedhas
Hepliaklqana
Kikubaaqudgha
Makhleb
Nemelex Xobeh
Okawaru
Ru
Uskayaw
Vehumet
Yredelemnul
Zin
The Shining One

Shops:
D:7

( .▒... ...▒▒ ##
..... .. ........
##. ▒........ #..▒
▒.....##. #...
▒.....#.. #...▒▒▒▒▒▒
▒.....#..
#.[@.'..▒▒▒......#..
#.Pw▒▒..P.▒▒.....#..
#..▒▒▒..'...........
.... ▒▒▒▒.▒▒........
###.▒ ▒♣▒▒.....P..
#. ▒.....P#. P.
♣........ ##.
♣........ ♣P####...


You could see a tyrant leech.


Message History

You eat one of the 10 chunks of flesh.
This raw flesh tastes great!
Eat one of 9 chunks of flesh? (ye/n/q)
You eat one of the 9 chunks of flesh.
This raw flesh tastes great!
Gastronok bites you!
* * * LOW HITPOINT WARNING * * *
Eat one of 8 chunks of flesh? (ye/n/q)
You eat one of the 8 chunks of flesh.
This raw flesh tastes great!
Use which ability? (? or * to list)
You gain the combat prowess of a mighty hero.
Gastronok bites you!!
* * * LOW HITPOINT WARNING * * *
Unknown command.
Eat one of 7 chunks of flesh? (ye/n/q)
You eat one of the 7 chunks of flesh.
This raw flesh tastes great!
The tyrant leech bites you but does no damage.
Some of the chunks of flesh in your inventory have rotted away.
You feel much better. Gastronok bites you!!
* * * LOW HITPOINT WARNING * * *
Unknown command.
You mangle Gastronok!!
Gastronok is almost dead.
The tyrant leech bites you!
* * * LOW HITPOINT WARNING * * *
Unknown command.
You mangle Gastronok!!
You kill Gastronok!
Okawaru is honoured by your kill.
Your base Unarmed Combat skill increases to level 12!
The tyrant leech bites you!
You die...

Skill      XL: |  1  2  3  4  5  6  7  8  9 10 11 12 |
---------------+-------------------------------------+-----
Fighting       | 3 4 5 7 8 9 10 11 | 11.9
Unarmed Combat | 4 5 6 7 8 9 10 11 12 | 12.1
Dodging        | 3 4 5 |  5.0
Invocations    | 2 5 7 8 9 |  9.3
Armour         | 3 5 |  5.7
Shields        | 3 |  3.0
Throwing       | |  1.7

Action                   |  1- 3 |  4- 6 |  7- 9 | 10-12 || total
-------------------------+-------+-------+-------+-------++-------
Melee: Unarmed           |   102 |   193 |   405 |   386 ||  1086
       Punch             |     2 |     2 |    14 |     9 ||    27
Invok: Heroism           |       |       |     2 |    10 ||    12
  Use: Scroll            |       |     3 |    10 |     9 ||    22
       Potion            |       |       |     4 |     4 ||     8
  Eat: Chunk             |     2 |     6 |    19 |    28 ||    55
Armor: Leather armour    |    23 |    16 |       |       ||    39
       Scale mail        |       |    45 |     5 |       ||    50
       Swamp dragon scal |       |       |   147 |   169 ||   316
       Skin              |       |       |       |     3 ||     3
Dodge: Dodged            |    60 |   121 |   237 |   253 ||   671
Block: Buckler           |       |       |       |    37 ||    37

Vault maps used:
D:1:      lemuel_arrival_room
D:2:      uniq_robin
D:3:      zin_statuary, minmay_splitting_lines, fedhas_altar_3, uniq_jessica
D:4:      temple_pool_b, portal_sewer_entry_e, first_bread, uniq_duvessa,
          uniq_crazy_yiuf_cottage, uniq_edmund
D:5:      cheibrodos_thug_alley, uniq_grinder, uniq_eustachio
D:6:      nicolae_dithmenos_shadow_blocks
D:7:      gammafunk_temple_overflow_statue, serial_shops, shop
D:8:      cheibrodos_steamvent, minmay_lair_entry_lava
D:9:      basic_altar, uniq_pikel
Temple:   regret_index_temple_mists
Lair:1:   uniq_sonja, uniq_nergalle
Lair:2:   gammafunk_lair_enchanted_lake, minmay_swamp_entry_worms,
          minmay_snake_entry_six_corridors, uniq_gastronok
Abyss:2:  evilmike_abyss_exit_12, minivault_1

Notes
Turn   | Place    | Note
-------+----------+-------------------------------------------
     0 | D:1      | Jazqa the Ghoul Gladiator began the quest for the Orb.
     0 | D:1      | Reached XP level 1. HP: 17/17 MP: 0/0
   108 | D:1      | Reached XP level 2. HP: 19/25 MP: 1/1
   507 | D:1      | Reached skill level 3 in Fighting
   517 | D:1      | Reached XP level 3. HP: 30/31 MP: 2/2
   534 | D:1      | Reached skill level 4 in Unarmed Combat
  1249 | D:2      | Reached XP level 4. HP: 28/38 MP: 3/3
  1530 | D:2      | Reached skill level 4 in Fighting
  1655 | D:2      | Noticed Robin
  2066 | D:2      | Killed Robin
  2066 | D:2      | Reached XP level 5. HP: 33/46 MP: 4/4
  2360 | D:3      | Reached skill level 5 in Unarmed Combat
  2426 | D:3      | Noticed Jessica
  2441 | D:3      | Killed Jessica
  2495 | D:3      | Reached skill level 5 in Fighting
  2495 | D:3      | Reached XP level 6. HP: 26/55 MP: 5/5
  2620 | D:3      | Found a blossoming altar of Fedhas.
  2673 | D:3      | Noticed Mesmaeker13's ghost (amateur GrVM)
  2690 | D:3      | Killed Mesmaeker13's ghost
  2690 | D:3      | Reached skill level 6 in Unarmed Combat
  2826 | D:3      | Found a glowing silver altar of Zin.
  3015 | D:4      | Reached XP level 7. HP: 49/62 MP: 6/6
  3173 | D:4      | Found a runed door.
  3177 | D:4      | Noticed Crazy Yiuf
  3183 | D:4      | Killed Crazy Yiuf
  3183 | D:4      | Reached skill level 6 in Fighting
  3331 | D:4      | Noticed Edmund
  3347 | D:5      | Entered Level 5 of the Dungeon
  3483 | D:4      | Killed Edmund
  3483 | D:4      | Reached skill level 3 in Dodging
  3483 | D:4      | Reached skill level 7 in Unarmed Combat
  3753 | D:5      | Noticed Grinder
  3771 | D:4      | Noticed Dowan
  3772 | D:4      | Noticed Duvessa
  3790 | D:5      | HP: 4/64 [leopard gecko (4)]
  3803 | D:5      | Paralysed by Grinder for 7 turns
  3815 | D:5      | Killed Grinder
  3815 | D:5      | Reached skill level 7 in Fighting
  3815 | D:5      | Reached XP level 8. HP: 9/73 MP: 7/7
  4106 | D:4      | Killed Duvessa
  4106 | D:4      | Reached skill level 4 in Dodging
  4122 | D:4      | Killed Dowan
  4175 | D:4      | Found a staircase to the Ecumenical Temple.
  4229 | Temple   | Entered the Ecumenical Temple
  4261 | Temple   | Became a worshipper of Warmaster Okawaru
  4522 | D:4      | Reached skill level 8 in Unarmed Combat
  4840 | D:5      | Reached skill level 1 in Invocations
  4867 | D:5      | Noticed Eustachio
  4873 | D:5      | Killed Eustachio
  4873 | D:5      | Reached skill level 8 in Fighting
  4938 | D:5      | Reached skill level 2 in Invocations
  4938 | D:5      | Reached XP level 9. HP: 50/81 MP: 9/9
  5192 | D:5      | Reached skill level 5 in Dodging
  5390 | D:6      | Reached * piety under Okawaru
  5453 | D:6      | Reached skill level 3 in Invocations
  5678 | D:6      | Found a shadowy altar of Dithmenos.
  5893 | D:7      | Found a glowing golden altar of the Shining One.
  5893 | D:7      | Found a hazy altar of Hepliaklqana.
  6026 | D:7      | Found Nedosh's Weapon Shop.
  6076 | D:7      | Reached skill level 9 in Unarmed Combat
  6455 | D:7      | Reached skill level 4 in Invocations
  6596 | D:7      | Reached skill level 9 in Fighting
  6726 | D:7      | Reached ** piety under Okawaru
  6872 | D:8      | Noticed Exporg's ghost (novice DsCK)
  7016 | D:8      | Found a staircase to the Lair.
  7052 | D:8      | Reached skill level 5 in Invocations
  7054 | D:8      | Reached XP level 10. HP: 21/91 MP: 10/12
  7242 | D:8      | Reached skill level 10 in Unarmed Combat
  7580 | D:8      | Killed Exporg's ghost
  7580 | D:8      | Reached *** piety under Okawaru
  7580 | D:8      | Reached skill level 10 in Fighting
  7580 | D:8      | Reached skill level 6 in Invocations
  7971 | D:9      | Noticed Pikel
  7985 | D:8      | Killed Pikel
  7985 | D:8      | Reached skill level 1 in Armour
  8011 | D:9      | Noticed TajinIX's ghost (novice MiBe)
  8022 | D:9      | Killed TajinIX's ghost
  8022 | D:9      | Received a gift from Okawaru
  8022 | D:9      | Reached skill level 2 in Armour
  8022 | D:9      | Reached skill level 7 in Invocations
  8257 | D:9      | Found a shadowy altar of Dithmenos.
  8327 | D:9      | Reached skill level 3 in Armour
  8329 | D:9      | Reached **** piety under Okawaru
  8411 | Lair:1   | Entered Level 1 of the Lair of Beasts
  8435 | Lair:1   | Reached XP level 11. HP: 91/101 MP: 15/15
  8552 | Lair:1   | Reached skill level 11 in Unarmed Combat
  8607 | Lair:1   | Received a gift from Okawaru
  8762 | Lair:1   | Noticed Nergalle
  8775 | Lair:1   | Killed Nergalle
  8775 | Lair:1   | Reached skill level 1 in Shields
  8826 | Lair:1   | Reached skill level 11 in Fighting
  8831 | Lair:1   | Received a gift from Okawaru
  8846 | Lair:1   | Reached skill level 8 in Invocations
  8902 | Lair:1   | Reached skill level 4 in Armour
  8909 | Lair:1   | Reached ***** piety under Okawaru
  8909 | Lair:1   | Reached skill level 2 in Shields
  9061 | Lair:1   | Noticed Sonja
  9070 | Lair:1   | You are cast into the Abyss!
  9070 | Lair:1   | Cast into level 2 of the Abyss (Sonja)
  9094 | Lair:1   | You pass through the gate.
  9094 | Lair:1   | Escaped the Abyss
  9105 | Lair:1   | HP: 8/102 [Sonja/uncursed short sword of distortion (20)]
  9109 | Lair:1   | Killed Sonja
  9597 | Lair:2   | Noticed a six-headed hydra
  9608 | Lair:2   | Killed a six-headed hydra
  9608 | Lair:2   | Reached skill level 3 in Shields
  9708 | Lair:2   | Received a gift from Okawaru
  9722 | Lair:2   | Reached skill level 5 in Armour
  9825 | Lair:2   | Found a staircase to the Snake Pit.
  9878 | Lair:2   | Reached XP level 12. HP: 65/111 MP: 17/17
  9896 | Lair:2   | Reached skill level 9 in Invocations
 10002 | Lair:2   | Noticed Gastronok
 10022 | Lair:2   | HP: 4/111 [Gastronok (18)]
 10026 | Lair:2   | Killed Gastronok
 10026 | Lair:2   | Reached skill level 12 in Unarmed Combat
 10026 | Lair:2   | Slain by a tyrant leech

Vanquished Creatures
  Gastronok (Lair:2)
  A hydra (Lair:2)
  Nergalle (Lair:1)
  Sonja (Lair:1)
  The ghost of Exporg the Basher, a novice DsCK of Xom (D:8)
  Pikel (D:8)
  The ghost of TajinIX the Cleaver, a novice MiBe of Trog (D:9)
  A black mamba (Lair:1)
  A spiny frog (Lair:1)
  A komodo dragon (Lair:2)
  A polar bear (Lair:2)
  5 blink frogs (Lair:1)
  Grinder (D:5)
  5 dream sheep (Lair:1)
  A wyvern (D:7)
  6 yaks (Lair:2)
  Eustachio (D:5)
  3 steam dragons (D:8)
  A basilisk (Lair:1)
  Edmund (D:4)
  A porcupine (Lair:2)
  The ghost of Mesmaeker13 the Stinger, an amateur GrVM of Sif Muna (D:3)
  6 water moccasins
  2 hell hounds (D:8)
  Duvessa (D:4)
  2 orc warriors
  6 sky beasts
  A phantom (D:8)
  5 ogres
  A centaur (D:7)
  3 crocodiles
  2 big kobolds
  9 bullfrogs
  Dowan (D:4)
  4 scorpions
  3 killer bees (D:9)
  2 howler monkeys
  A crimson imp (D:5)
  3 bullfrog zombies
  2 hounds
  A quasit (D:9)
  A centaur zombie (D:7)
  2 jellies
  Crazy Yiuf (D:4)
  3 orc priests
  2 bullfrog skeletons
  3 iguanas
  Jessica (D:3)
  4 orc wizards
  8 worker ants
  A hound zombie (D:9)
  A worker ant zombie (D:7)
  Robin (D:2)
  8 gnolls
  15 adders
  3 shadow imps
  An ooze (D:7)
  2 adder zombies
  6 worms
  4 dart slugs
  5 leopard geckos
  24 orcs
  7 ball pythons
  4 bats
  8 giant cockroaches
  17 goblins
  7 hobgoblins
  10 jackals
  2 quokkas
  2 frilled lizards
  23 kobolds
  13 rats
281 creatures vanquished.

Vanquished Creatures (others)
  An ogre (D:9)
  2 fungi
  7 toadstools (Lair:2)
10 creatures vanquished.

Grand Total: 291 creatures vanquished
